 Dungeon Crawl Stone Soup version 0.27-a0-1317-gd1140b374c (webtiles) character file.

Game seed: 1754902795740118787

52 Jawa73 the Caller (level 3, -3/24 HPs)
             Began as a Barachi Summoner on June 21, 2021.
             Slain by a gnoll (8 damage)
             ... on level 3 of the Dungeon.
             The game lasted 00:11:01 (2677 turns).

Jawa73 the Caller (Barachi Summoner)                Turns: 2677, Time: 00:11:02

Health: -3/24      AC:  3    Str: 15    XL:     3   Next: 85%
Magic:  0/16       EV: 12    Int: 16    God:
Gold:   78         SH:  0    Dex: 12    Spells: 2/8 levels left

rFire    . . .     SeeInvis .   (no weapon)
rCold    . . .     Faith    .   (no shield)
rNeg     . . .     Spirit   .   a - +0 robe
rPois    .         Reflect  .   (no helmet)
rElec    .         Harm     .   b - +0 cloak
rCorr    .         Rampage  .   (no gloves)
Will     .....                  (no boots)
Stlth    ++........             (no amulet)
HPRegen  0.08/turn              d - ring of magical power
MPRegen  0.15/turn              e - +6 ring of strength

@: very slightly contaminated, slow
A: amphibious, slowness 1, strong legs 1, +LOS
a: Hop


You were on level 3 of the Dungeon.
You visited 1 branch of the dungeon, and saw 3 of its levels.

You collected 78 gold pieces.

Inventory:

Armour
 a - a +0 robe (worn)
 b - a +0 cloak (worn)
Jewellery
 d - a ring of magical power (left hand)
 e - a +6 ring of strength (right hand)
 g - an amulet of regeneration
Potions
 c - a potion of cancellation {unknown}
 f - 3 potions of curing {unknown}


   Skills:
 * Level 1.1 Armour
 * Level 2.5 Dodging
 - Level 1.7 Stealth
 * Level 3.1 Spellcasting
 * Level 5.5 Summonings


You had 2 spell levels left.
You knew the following spells:

 Your Spells              Type           Power      Damage    Failure   Level
a - Summon Small Mammal   Summ           80%        N/A       1%          1
b - Call Imp              Summ           20%        N/A       3%          2
c - Call Canine Familiar  Summ           20%        N/A       6%          3

Your spell library contained the following spells:

 Spells                   Type           Power      Damage    Failure   Level
 Foxfire                  Conj/Fire      8%         2x1d4     19%         1
 Summon Guardian Golem    Hex/Summ       11%        N/A       19%         3
 Conjure Flame            Conj/Fire      2%         6-21      50%         3
 Inner Flame              Hex/Fire       2%         N/A       50%         3
 Summon Ice Beast         Ice/Summ       11%        N/A       52%         4
 Summon Lightning Spire   Summ/Air       11%        N/A       52%         4
 Sticky Flame             Conj/Fire      2%         2d3       88%         4
 Fireball                 Conj/Fire      1%         3d3       99%         5


Dungeon Overview and Level Annotations

Branches:
Dungeon (3/15)

Altars:


Innate Abilities, Weirdness & Mutations

You are amphibious.
You cover ground slowly.
You can hop short distances.
You have an extended range of vision and can be seen from far away.


Message History

The spell is quite dangerous to cast (6% risk of failure)!
Continue anyway?
Casting: Call Canine Familiar (quite dangerous; 6% risk of failure)
Confirm with . or Enter, or press ? or * to list all spells.
You don't have enough magic to cast this spell.
You swap places.
Your hound closely misses the gnoll.
The gnoll barely misses your hound.
Your hound closely misses the gnoll.
The gnoll barely misses your hound.
Your hound bites the gnoll but does no damage.
Your hound closely misses the gnoll.
The gnoll hits your hound with a +0 flail!
Your hound bites the gnoll but does no damage.
The gnoll barely misses your hound.
Your hound bites the gnoll.
Your hound bites the gnoll.
The gnoll misses your hound.
Your hound completely misses the gnoll.
The gnoll barely misses your hound.
Your hound bites the gnoll.
The gnoll dies!
Your Spellcasting skill increases to level 3!
The gnoll closely misses you.
Your hound bites the gnoll.
Your hound completely misses the gnoll.
Casting: Call Canine Familiar (quite dangerous; 6% risk of failure)
Confirm with . or Enter, or press ? or * to list all spells.
You miscast Call Imp.
You are very lightly contaminated with residual magic.
Nothing appears to happen.
The gnoll hits you from afar with a +0 halberd.
* * * LOW HITPOINT WARNING * * *
Your hound bites the gnoll.
Your hound bites the gnoll.
The gnoll hits your hound with a +0 halberd!
Your hound dies!
Your hound's corpse disappears in a puff of smoke!
The gnoll shouts!
Casting: Call Imp (safe; 3% risk of failure)
Confirm with . or Enter, or press ? or * to list all spells.
The gnoll closely misses you. The gnoll barely misses you.
You hit the gnoll but do no damage.
The gnoll is almost dead.
The gnoll hits you with a +0 halberd!
You die...

##.##.#.#..# #..#
#.<.....#..# #.)#
#.##....#..# #.h#
#...[.#.#..# #).#
#####.##.#..# #..#
.........#..# #..#
..........).# #..#
###########.##########..#
#....r@g......#
#..##########.###
#########..# #..........#
...........# ###.......##
##########.# #######.#
#.###########.#
#.............#
###############


You could see a gnoll (ally target) and a friendly quokka (summoned).

Vanquished Creatures
  2 goblins (D:1)
  A hobgoblin (D:1)
3 creatures vanquished.

Vanquished Creatures (collateral kills)
  3 gnolls (D:3)
  A worm (D:2)
  A dart slug (D:1)
  An orc (D:3)
  A ball python (D:1)
  4 endoplasms (D:1)
  4 giant cockroaches (D:1)
  A goblin (D:2)
  6 hobgoblins (D:1)
  3 jackals (D:1)
  6 kobolds
  3 quokkas
  5 bats (D:1)
  4 frilled lizards
  3 rats
46 creatures vanquished.

Grand Total: 49 creatures vanquished

Notes
Turn   | Place    | Note
-------+----------+-------------------------------------------
     0 | D:1      | Jawa73 the Barachi Summoner began the quest for the Orb.
     0 | D:1      | Reached XP level 1. HP: 13/13 MP: 3/3
   325 | D:1      | Found a faded altar of an unknown god.
   331 | D:1      | Reached skill level 5 in Summonings
   511 | D:1      | Reached XP level 2. HP: 11/19 MP: 0/5
   527 | D:1      | Learned a level 2 spell: Call Imp
  1274 | D:1      | Reached XP level 3. HP: 24/24 MP: 0/6
  1338 | D:1      | Learned a level 3 spell: Call Canine Familiar
  2652 | D:3      | Reached skill level 1 in Armour
  2677 | D:3      | Slain by a gnoll

Illustrated notes

Levels and vault maps discovered:
D:1:      dpeg_cavernosity, layout_basic, basic_ecumenical_altar,
          kennysheep_another_room, minmay_quantized
D:2:      layout_basic
D:3:      layout_basic, amcnicky_altar_gilded, gammafunk_ghost_stat_death,
          hangedman_feature_mirror

Skill      XL: |  1  2  3 |
---------------+----------+-----
Summonings     | 5 |  5.5
Armour         | 1 |  1.1
Spellcasting   | 3 |  3.1
Dodging        | |  2.5
Stealth        | |  1.7

Action                   || total
-------------------------++-------
Melee: Unarmed           ||    59
 Cast: Summon Small Mamm ||    24
       Call Imp          ||    30
       Call Canine Famil ||    12
  Use: Scroll            ||     2
Armor: Robe              ||    22
Dodge: Dodged            ||    71

Table legend: (Time is in decaauts)
 A = Elapsed time spent in this place.
 B = Non-inter-level travel time spent in this place.
 C = Inter-level travel time spent in this place.
 D = Time resting spent in this place.
 E = Time spent auto-exploring this place.
 F = Levels seen in this place.
 G = Mean time per level.
                   A        B        C        D        E       F      G
               +--------+--------+--------+--------+--------+-----+--------+
         Total |   2937 |   2832 |    105 |    228 |   2005 |   3 |  979.0 |
       Dungeon |   2937 |   2832 |    105 |    228 |   2005 |   3 |  979.0 |
               +--------+--------+--------+--------+--------+-----+--------+

Top non-repeatable levels by time:
     D:1: 1833 daAuts
     D:2: 934 daAuts
     D:3: 170 daAuts
